 Dungeon Crawl Stone Soup version 0.30-b1-2-g02819fbbbe (webtiles) character file.

Game seed: 16989657842792277837

43 falawelle the Trooper (level 3, -3/33 HPs)
             Began as a Minotaur Berserker on May 14, 2023.
             Was a Believer of Trog.
             Slain by a gnoll
             ... wielding a +0 spear
              (6 damage)
             ... on level 2 of the Dungeon.
             The game lasted 00:04:40 (1760 turns).

falawelle the Trooper (Minotaur Berserker)          Turns: 1760, Time: 00:04:40

Health: -3/33      AC:  3    Str: 21    XL:     3   Next: 37%
Magic:  2/2        EV: 12    Int:  6    God:    Trog [**....]
Gold:   64         SH:  0    Dex:  9    Spells: 2/2 levels left

rFire   . . .        a - +0 hand axe
rCold   . . .        (no shield)
rNeg    . . .        b - +0 animal skin
rPois   .            (helmet restricted)
rElec   .            (no cloak)
rCorr   .            (no gloves)
SInv    .            d - +0 pair of boots
Will    .....        (no amulet)
Stlth   +            (no ring)
HPRegen 0.25/turn    (no ring)
MPRegen 0.08/turn

%: no passive effects
@: no status effects
A: horns 2, retaliatory headbutt
a: Renounce Religion, Berserk, Trog's Hand


You were on level 2 of the Dungeon.
You worshipped Trog.
Trog was pleased with you.
You visited 1 branch of the dungeon, and saw 2 of its levels.

You collected 64 gold pieces.

Inventory:

Hand Weapons
 a - a +0 hand axe (weapon)
Armour
 b - a +0 animal skin (worn)
 d - a +0 pair of boots (worn)
Scrolls
 g - a scroll of identify {unknown}
 i - a scroll of brand weapon {unknown}
Potions
 c - a potion of curing {unknown}
 e - a potion of magic {unknown}
 f - a potion of heal wounds {unknown}
 h - a potion of might {unknown}
 j - a potion of berserk rage {unknown}


   Skills:
 + Level 4.1 Fighting
 + Level 4.1 Axes
 + Level 3.1 Armour
 + Level 2.8 Dodging


You had 2 spell levels left.
You didn't know any spells.
Your spell library was empty.

Dungeon Overview and Level Annotations

Branches:
Dungeon (2/15)

Altars:


Innate Abilities, Weirdness & Mutations

You have a pair of horns on your head.
You reflexively headbutt those who attack you in melee.


Message History

The quokka is moderately wounded.
The quokka misses you. The quokka barely misses you.
You hit the quokka.
You kill the quokka!
Trog accepts your kill.
No target in view!
Found 6 stones.
j - a viscous orange potion A gnoll comes into view.
It is wielding a +0 spear.
The gnoll shouts!
A gnoll comes into view. It is wielding a +0 spear.
Found an escape hatch in the ceiling.
The gnoll shouts!
You hear a shout!
You hear an angry hiss.
A gnoll comes into view. It is wielding a +0 halberd.
Found a book of Storms.
The gnoll shouts!
A bat comes into view.
The bat moves out of view.
The gnoll misses you.
You slash the gnoll!
The gnoll is heavily wounded.
The gnoll hits you with a +0 spear.
The gnoll hits you from afar with a +0 spear.
You slash the gnoll!
You kill the gnoll!
Trog accepts your kill.
The gnoll hits you from afar with a +0 spear.
The gnoll hits you from afar with a +0 halberd!
The gnoll misses you.
Things that are here:
a +0 spear; a gnoll corpse You are too injured to fight recklessly!
You hit the gnoll but do no damage.
The gnoll hits you from afar with a +0 halberd!
* * * LOW HITPOINT WARNING * * *
The gnoll hits you with a +0 spear.
* * * LOW HITPOINT WARNING * * *
A frilled lizard comes into view.
The gnoll attacks as you move away! The gnoll hits you with a +0 spear.
You die...

#...# #...#
#...# ##.##
#.#########
##.#.......#
#.......#
#.......#
#...@.b.#
......#.gg.....
.........#.#..l
..:....##......#
#...#... <..#...
.##.##. ####..#
# .#


You could see 2 gnolls, a bat and a frilled lizard.

Vanquished Creatures
  A gnoll (D:2)
  8 ball pythons
  5 bats
  4 endoplasms (D:1)
  3 goblins (D:1)
  3 hobgoblins
  A quokka (D:2)
  2 kobolds (D:1)
  6 rats
33 creatures vanquished.

Notes
Turn   | Place    | Note
-------+----------+-------------------------------------------
     0 | D:1      | falawelle the Minotaur Berserker began the quest for the
                  | Orb.
     0 | D:1      | Reached XP level 1. HP: 19/19 MP: 0/0
   140 | D:1      | Reached XP level 2. HP: 22/27 MP: 1/1
   577 | D:1      | Reached ** piety under Trog
  1603 | D:2      | Reached XP level 3. HP: 33/33 MP: 2/2
  1760 | D:2      | Slain by a gnoll

Illustrated notes

Levels and vault maps discovered:
D:1:      minmay_arrival_diagonal_passages, layout_basic, serial_curves,
          eino_curves_02, eino_curves_02, nicolae_kite_square_tiling_tiny,
          kennysheep_decorative_pillar, minmay_shallow_snake_nest
D:2:      layout_loops_cross

Skill      XL: |  1  2 |
---------------+-------+-----
Fighting       | 4 |  4.1
Axes           | 4 |  4.1
Armour         | 3 |  3.1
Dodging        | |  2.8

Action                     || total
---------------------------++-------
  Melee: Hand axe          ||    54
         Headbutt          ||    10
 Armour: Animal skin       ||    19
  Dodge: Dodged            ||    40
